 Dungeon Sprint DCSS version 0.15-a0-1403-g2cecdf4 (webtiles) character file.

6314 PolkaDot the Imperceptible (level 10, -3/76 HPs)
             Began as a Vampire Assassin on June 11, 2014.
             Was a High Priest of Dithmenos.
             Slain by a pulsating lump (11 damage)
             ... in the Dungeon (Sprint I: "Red Sonja").
             The game lasted 00:14:02 (2595 turns).

PolkaDot the Imperceptible (Vampire Assassin)       Turns: 2595, Time: 00:14:02

HP  -3/76        AC  4     Str  8      XL: 10   Next: 64%
MP  20/20        EV 18     Int 13      God: Dithmenos [*****.]
Gold 895         SH  0     Dex 18      Spells:  0 memorised,  9 levels left

rFire  . . .     SeeInvis +     a - +2,+3 dagger
rCold  + + .     Clarity  .     c - +0 robe
rNeg   + + +     rCorr    .     (no shield)
rPois  +         rRot     +     (no helmet)
rElec  .         Spirit   .     d - +1 cloak
SustAb .         Warding  .     (no gloves)
rMut   .         NoTele   +     (no boots)
Gourm  .                        (no amulet)
MR     +....                    (no ring)
                                (no ring)

@: bloodless, non-regenerating, wreathed by umbra, somewhat resistant to hostile
enchantments, uncannily stealthy
A: bottle blood, fangs 3, see invisible, frail 1, weak 1, unbreathing
a: Bat Form, Bottle Blood, Shadow Step, Shadow Form, Renounce Religion


You were in the Dungeon.
You worshipped Dithmenos.
Dithmenos was extremely pleased with you.
You were bloodless.

You visited 1 branch You collected 895 gold pieces.

Inventory:

Hand weapons
 a - a +2,+3 dagger (weapon)
 b - a +0 blowgun
Missiles
 e - 5 curare-tipped needles
 f - 17 poisoned needles
Armour
 c - a +0 robe (worn)
 d - a +1 cloak (worn)
 g - a +2 leather armour of cold resistance
Potions
 i - a potion of invisibility {unknown}
 k - 2 potions of magic
 l - a potion of berserk rage


   Skills:
 - Level 10.0 Fighting
 + Level 2.3 Short Blades
 - Level 5.9 Throwing
 - Level 8.0 Dodging
 * Level 26.8 Stealth
 + Level 6.2 Invocations


You had 9 spell levels left.
You didn't know any spells.

Dungeon Overview and Level Annotations

Branches:
Dungeon (1/1)

Altars:
Cheibriados
Dithmenos
Elyvilon
Fedhas
Gozag
Kikubaaqudgha
Makhleb
Nemelex Xobeh
Okawaru
Qazlal
Sif Muna
Trog
Vehumet
Xom
Yredelemnul
Zin
The Shining One
Jiyva

Shops:
D =[


Innate Abilities, Weirdness & Mutations

You do not heal naturally.
You can bottle blood from corpses.
You have razor-sharp teeth.*
You have supernaturally acute eyesight.
You can survive without breathing.*
You are frail (-10% HP).
You are weak. (Str -2)


Message History

* * * LOW HITPOINT WARNING * * *
You barely miss the necrophage.
The necrophage is lightly damaged.
The necrophage hits you.
* * * LOW HITPOINT WARNING * * *
You hit the necrophage but do no damage.
Your bite misses the necrophage.
The necrophage is lightly damaged.
The necrophage misses you. The pulsating lump hits you.
* * * LOW HITPOINT WARNING * * *
You closely miss the necrophage.
The necrophage is lightly damaged.
Your shadow hits the necrophage but does no damage.
The necrophage closely misses you.
You closely miss the necrophage.
The necrophage is lightly damaged.
You hit the necrophage.
The necrophage is lightly damaged.
The necrophage closely misses you. The pulsating lump hits you!
You die...

._##'#..'≈§§§.'.§#.9§§§#
...'..J_#≈≈§.§#..#..9.§+
._##_J#'##'#####'###..§#
__###'#[#..()###.'.#...#
#####.####'###.###%#§§##
...'.).+.....'%∩##.#..#
####...###########.##+#
###.###.....§§##§#
#.#'#.#......n@J.#
#.....#'''######§#
#..((.#.?%§§.§§#§#
#######n![..§§#'.#
#nnn%.....§§§####
#..n.....§.≈§#
##.......≈§≈##
###..≈≈≈≈### +######+


You could see a pulsating lump and a necrophage.

Vanquished Creatures
  2 centaur warriors (D)
  2 unseen horrors (D)
  A deep troll (D)
  An oklob plant (D)
  2 kobold demonologists (D)
  4 demonic crawlers (D)
  Sonja (D)
  A slime creature (D)
  4 trapdoor spiders (D)
  A yak (D)
  A yellow wasp (D)
  A necrophage (D)
  An ogre (D)
  Sigmund (D)
  A jelly (D)
  4 pulsating lumps (D)
  Ijyb (D)
  2 giant eyeballs (D)
  A ballistomycete (D)
32 creatures vanquished.

Vanquished Creatures (others)
  A gargoyle (D)
  2 giant spores (D)
3 creatures vanquished.

Grand Total: 35 creatures vanquished

Notes
Turn   | Place    | Note
--------------------------------------------------------------
     0 | D        | PolkaDot, the Vampire Assassin, began the quest for the Orb.
     0 | D        | Reached XP level 1. HP: 16/16 MP: 1/1
     2 | D        | Noticed Ijyb
    20 | D        | Killed Ijyb
    20 | D        | Reached skill level 8 in Stealth
    20 | D        | Reached XP level 2. HP: 10/24 MP: 2/2
   189 | D        | Noticed an ogre
   191 | D        | Killed an ogre
   191 | D        | Reached skill level 5 in Fighting
   191 | D        | Reached skill level 12 in Stealth
   191 | D        | Reached XP level 3. HP: 29/33 MP: 3/3
   191 | D        | Reached XP level 4. HP: 34/39 MP: 4/4
   231 | D        | Noticed Sigmund
   233 | D        | Killed Sigmund
   233 | D        | Reached skill level 14 in Stealth
   233 | D        | Reached XP level 5. HP: 44/46 MP: 5/5
   256 | D        | Found a snail-covered altar of Cheibriados.
   256 | D        | Found a shadowy altar of Dithmenos.
   256 | D        | Noticed a slime creature
   257 | D        | Found a viscous altar of Jiyva.
   257 | D        | Found a blossoming altar of Fedhas.
   259 | D        | Killed a slime creature
   259 | D        | Reached skill level 16 in Stealth
   259 | D        | Reached XP level 6. HP: 52/55 MP: 6/6
   261 | D        | Became a worshipper of Dithmenos the Shadowed
   266 | D        | Found a deep blue altar of Sif Muna.
   267 | D        | Noticed a jelly
   268 | D        | Found a radiant altar of Vehumet.
   278 | D        | Killed a jelly
   278 | D        | Reached skill level 17 in Stealth
   311 | D        | Killed a gargoyle
   390 | D        | Found Braommer's Jewellery Emporium.
   390 | D        | Found a white marble altar of Elyvilon.
   390 | D        | Found a stormy altar of Qazlal.
   390 | D        | Found a basalt altar of Yredelemnul.
   390 | D        | Found an iron altar of Okawaru.
   390 | D        | Found a sparkling altar of Nemelex Xobeh.
   390 | D        | Found a shimmering altar of Xom.
   390 | D        | Found an ancient bone altar of Kikubaaqudgha.
   390 | D        | Noticed a yak
   391 | D        | Found a burning altar of Makhleb.
   391 | D        | Found a glowing golden altar of the Shining One.
   391 | D        | Found an opulent altar of Gozag.
   391 | D        | Found a glowing silver altar of Zin.
   392 | D        | Killed a yak
   392 | D        | Reached skill level 18 in Stealth
   392 | D        | Reached XP level 7. HP: 62/62 MP: 7/7
   393 | D        | Found a bloodstained altar of Trog.
   402 | D        | Noticed Sonja
   426 | D        | Killed Sonja
   426 | D        | Reached skill level 19 in Stealth
   803 | D        | Noticed a deep troll
   807 | D        | Killed a deep troll
   807 | D        | Reached skill level 10 in Fighting
   807 | D        | Reached skill level 21 in Stealth
   807 | D        | Reached XP level 8. HP: 42/72 MP: 8/8
   930 | D        | Noticed a centaur warrior
   934 | D        | Found Thelam's Armour Emporium.
   969 | D        | Noticed a centaur warrior
   972 | D        | Killed a centaur warrior
   972 | D        | Reached skill level 5 in Dodging
   972 | D        | Reached skill level 22 in Stealth
   973 | D        | Killed a centaur warrior
   973 | D        | Reached skill level 23 in Stealth
   973 | D        | Reached XP level 9. HP: 78/78 MP: 9/9
   980 | D        | Noticed a yellow wasp
   983 | D        | Killed a yellow wasp
   983 | D        | Acquired Dithmenos' first power
   993 | D        | Noticed an oklob plant
   995 | D        | Killed an oklob plant
   995 | D        | Reached skill level 24 in Stealth
   999 | D        | Noticed a trapdoor spider
  1009 | D        | Killed a trapdoor spider
  1009 | D        | Reached skill level 1 in Invocations
  1607 | D        | Noticed a kobold demonologist
  1608 | D        | Noticed a kobold demonologist
  1611 | D        | Killed a kobold demonologist
  1614 | D        | Killed a kobold demonologist
  1614 | D        | Reached skill level 25 in Stealth
  1616 | D        | Noticed a demonic crawler
  1616 | D        | Noticed a demonic crawler
  1616 | D        | Noticed a demonic crawler
  1616 | D        | Noticed a demonic crawler
  1618 | D        | Killed a demonic crawler
  1618 | D        | Acquired Dithmenos' second power
  1619 | D        | Killed a demonic crawler
  1619 | D        | Reached XP level 10. HP: 85/85 MP: 11/16
  1621 | D        | Killed a demonic crawler
  1622 | D        | Killed a demonic crawler
  1623 | D        | Noticed a gargoyle
  1661 | D        | Noticed a trapdoor spider
  1661 | D        | Noticed a trapdoor spider
  1661 | D        | Noticed a trapdoor spider
  1673 | D        | Killed a trapdoor spider
  1673 | D        | Acquired Dithmenos' third power
  2215 | D        | Killed a trapdoor spider
  2215 | D        | Reached skill level 26 in Stealth
  2277 | D        | Killed a trapdoor spider
  2277 | D        | Reached skill level 5 in Invocations
  2392 | D        | Noticed a pulsating lump
  2392 | D        | Noticed a pulsating lump
  2392 | D        | Noticed a pulsating lump
  2392 | D        | Noticed a pulsating lump
  2395 | D        | Noticed an unseen horror
  2397 | D        | Noticed an unseen horror
  2403 | D        | Killed an unseen horror
  2403 | D        | Reached skill level 5 in Throwing
  2405 | D        | Killed an unseen horror
  2407 | D        | Noticed a pulsating lump
  2407 | D        | Noticed a pulsating lump
  2407 | D        | Noticed a pulsating lump
  2408 | D        | Noticed a necrophage
  2408 | D        | Noticed a necrophage
  2409 | D        | Killed a pulsating lump
  2409 | D        | Acquired Dithmenos' fourth power
  2410 | D        | Killed a pulsating lump
  2411 | D        | Killed a pulsating lump
  2412 | D        | Noticed a necrophage
  2413 | D        | Killed a pulsating lump
  2413 | D        | Gained mutation: You are frail (-10% HP). [pulsating lump's mutagenic touch]
  2430 | D        | Gained mutation: You are weak. (Str -2) [pulsating lump's mutagenic touch]
  2578 | D        | Noticed a necrophage
  2578 | D        | Noticed a necrophage
  2578 | D        | Noticed a necrophage
  2578 | D        | Noticed a necrophage
  2580 | D        | Killed a necrophage
  2595 | D        | Slain by a pulsating lump

Action                   |  1- 3 |  4- 6 |  7- 9 | 10-12 || total
-------------------------+-------+-------+-------+-------++-------
Melee: Dagger            |    19 |    11 |    19 |    26 ||    75
 Fire: Blowgun           |       |       |    24 |    31 ||    55
  Use: Potion            |       |       |     2 |     3 ||     5
       Scroll            |       |       |     3 |     2 ||     5
 Stab: Sleeping          |     1 |     3 |    10 |    10 ||    24
